 Dungeon Crawl Stone Soup version 0.16.2-12-gd0ad4c3 (webtiles) character file.

2574 Kloppie the Fighter (level 9, -16/78 HPs)
             Began as a Formicid Fighter on Oct 31, 2015.
             Was an Initiate of Gozag.
             Demolished by an orc priest
             ... wielding a +4 hand axe of electrocution
              (18 damage)
             ... on level 7 of the Dungeon.
             The game lasted 00:14:49 (6070 turns).

Kloppie the Fighter (Formicid Fighter)              Turns: 6070, Time: 00:14:49

Health: -16/78     AC: 14    Str: 24    XL:     9   Next: 88%
Magic:  12/12      EV:  5    Int:  8    God:    Gozag
Gold:   637        SH:  9    Dex: 10    Spells: 0 memorised, 8 levels left

rFire  . . .     SeeInvis +     a - +1 flail
rCold  . . .     Clarity  .     k - +0 plate armour
rNeg   . . .     SustAb   .     c - +0 shield
rPois  .         Gourm    .     (helmet unavailable)
rElec  .         Spirit   .     u - +0 cloak
rCorr  .         Warding  .     r - +0 pair of gloves
rMut   .         Stasis   +     (no boots)
MR     +....                    (no amulet)
Stlth  ..........               w - ring of flight
                                p - ring of protection from magic

@: somewhat resistant to hostile enchantments, extremely unstealthy
A: permanent stasis, dig shafts and tunnels, four strong arms, antennae 3
a: Dig, Shaft Self, Potion Petition, Call Merchant, Bribe Branch, Renounce
Religion, Evoke Flight


You were on level 7 of the Dungeon.
You worshipped Gozag.
Gozag was noncommittal.
You were near starving.

You visited 2 branches of the dungeon, and saw 8 of its levels.

You collected 729 gold pieces.
You paid 92 gold pieces to Gozag.

Inventory:

Hand weapons
 a - a +1 flail (weapon)
Armour
 c - a +0 shield (worn)
 k - a +0 plate armour (worn)
 r - a +0 pair of gloves (worn)
 u - a +0 cloak (worn)
 G - the cursed -4 robe of the Pirate {MR- Str+4, unknown}
   (You found it on level 7 of the Dungeon)

   It affects your strength (+4).
   It affects your resistance to hostile enchantments.
   It has a curse placed upon it.
Jewellery
 i - an uncursed ring of ice
 p - a ring of protection from magic (left hand)
 w - a ring of flight (right hand)
 C - a cursed ring of protection from fire {unknown}
Magical devices
 b - a wand of draining (7)
 q - a wand of flame (28)
Scrolls
 g - a scroll of noise
 h - 6 scrolls of remove curse
 y - a scroll of enchant weapon
Potions
 e - 2 potions of poison
 f - a potion of agility {unknown}
 j - 4 potions of brilliance {unknown}
 l - 4 potions of heal wounds
 m - a potion of mutation {unknown}
 n - 2 potions of berserk rage {unknown}
 t - a potion of lignification {unknown}
 v - a potion of ambrosia {unknown}
 x - 2 potions of resistance {unknown}
 B - a potion of cure mutation {unknown}
 E - a potion of curing {unknown}
 F - a potion of might
Books
 o - a book of Hinderance

   Spells                             Type                      Level
   a - Confusing Touch                Hexes                        2
   b - Confuse                        Hexes                        3
   c - Petrify                        Transmutation/Earth          4
   d - Metabolic Englaciation         Hexes/Ice                    5
   e - Gell's Gravitas                Hexes/Translocation          5
   f - Summon Mana Viper              Hexes/Summoning              5
 s - a book of Callings

   Spells                             Type                      Level
   a - Summon Small Mammal            Summoning                    1
   b - Call Imp                       Summoning                    2
   c - Call Canine Familiar           Summoning                    3
   d - Summon Guardian Golem          Hexes/Summoning              4
   e - Summon Lightning Spire         Summoning/Air                4
   f - Summon Ice Beast               Ice/Summoning                4
 z - a book of Fire

   Spells                             Type                      Level
   a - Ignite Poison                  Fire/Transmutation           5
   b - Fireball                       Conjuration/Fire             5
   c - Bolt of Fire                   Conjuration/Fire             6
   d - Delayed Fireball               Conjuration/Fire             7
   e - Ring of Flames                 Charms/Fire                  7
Comestibles
 d - 6 bread rations
 A - a fruit
 D - 2 meat rations


   Skills:
 - Level 10.1 Fighting
 + Level 9.2 Maces & Flails
 + Level 4.1 Armour
 - Level 3.6 Shields


You had 8 spell levels left.
You didn't know any spells.

Dungeon Overview and Level Annotations

Branches:
Dungeon (7/15)             Temple (1/1) D:4

Altars:
Cheibriados
Dithmenos
Elyvilon
Fedhas
Gozag
Kikubaaqudgha
Makhleb
Nemelex Xobeh
Okawaru
Qazlal
Ru
Sif Muna
Trog
Vehumet
Xom
Yredelemnul
Zin
The Shining One


Innate Abilities, Weirdness & Mutations

You are under a permanent stasis effect.
You can dig through walls and to a lower floor.
Your four strong arms can wield two-handed weapons with a shield.
You have a pair of large antennae on your head (SInv).


Message History

You hit the orc priest.
The orc priest is moderately wounded.
The orc priest hits you with a hand axe of electrocution.
* * * LOW HITPOINT WARNING * * *
You hit the orc priest.
The orc priest is heavily wounded.
The orc priest hits you but does no damage.
You hit the orc priest but do no damage.
The orc priest is heavily wounded.
The orc priest hits you with a hand axe of electrocution.
* * * LOW HITPOINT WARNING * * *
You hit the orc priest.
The orc priest is almost dead.
You hit the orc priest but do no damage.
The orc priest is almost dead.
The orc priest hits you with a hand axe of electrocution.
* * * LOW HITPOINT WARNING * * *
You are electrocuted!
You die...
Your body crumbles into a pile of gold.

########## ####
#........# .....
#.######.#######....#.#
#.# #.#....@oo......
#.# ####.#.#####......#
#.# #......# .#### #.#
#.##.### .# #.###.##.#
# #........# #####.####
#......# #.##...#


You could see an orc priest and an orc.

Vanquished Creatures
  Pikel (D:6)
  Menkaure (D:5)
  An orc warrior (D:7)
  An ice beast (D:7)
  3 sky beasts (D:5)
  An eye of draining (D:4)
  4 ogres
  2 centaurs
  Sigmund (D:3)
  3 giant frogs (D:6)
  A scorpion (D:4)
  3 wights (D:6)
  A crimson imp (D:4)
  3 hounds (D:4)
  A jelly (D:5)
  Crazy Yiuf (D:3)
  An orc priest (D:7)
  An iguana (D:6)
  3 orc wizards
  2 worker ants
  A hound zombie (D:5)
  A hound skeleton (D:7)
  Robin (D:3)
  9 gnolls
  9 adders
  A giant mite (D:6)
  3 worms
  An adder skeleton (D:5)
  An adder zombie (D:6)
  5 giant geckos
  An ooze (D:1)
  7 orcs
  12 bats
  A bat skeleton (D:4)
  5 giant cockroaches
  15 hobgoblins
  5 jackals
  5 quokkas
  A ball python (D:1)
  2 giant newts
  20 goblins
  16 kobolds
  13 rats
170 creatures vanquished.

Vanquished Creatures (others)
  A bat (D:6)
1 creature vanquished.

Grand Total: 171 creatures vanquished

Notes
Turn   | Place    | Note
--------------------------------------------------------------
     0 | D:1      | Kloppie, the Formicid Fighter, began the quest for the Orb.
     0 | D:1      | Reached XP level 1. HP: 18/18 MP: 1/1
    37 | D:1      | Reached XP level 2. HP: 22/24 MP: 3/3
   234 | D:1      | Reached XP level 3. HP: 30/30 MP: 4/4
   252 | D:1      | Reached skill level 4 in Fighting
   481 | D:2      | Reached XP level 4. HP: 36/38 MP: 5/5
   897 | D:2      | Reached XP level 5. HP: 41/43 MP: 7/7
  1323 | D:3      | Reached skill level 5 in Fighting
  1484 | D:3      | Noticed Robin
  1488 | D:3      | Found a shimmering altar of Xom.
  1498 | D:3      | Killed Robin
  1673 | D:3      | Found a shimmering altar of Xom.
  1676 | D:3      | Found a shimmering altar of Xom.
  1683 | D:3      | Found a shimmering altar of Xom.
  1709 | D:3      | Noticed Crazy Yiuf
  1719 | D:3      | Killed Crazy Yiuf
  1719 | D:3      | Reached XP level 6. HP: 26/51 MP: 8/8
  2059 | D:3      | Noticed Sigmund
  2072 | D:3      | Killed Sigmund
  2432 | D:4      | Found a staircase to the Ecumenical Temple.
  2436 | D:4      | Reached skill level 6 in Fighting
  2458 | Temple   | Entered the Ecumenical Temple
  2562 | Temple   | Became a worshipper of Gozag Ym Sagoz the Greedy
  2591 | D:4      | Reached skill level 5 in Maces & Flails
  2591 | D:4      | Reached XP level 7. HP: 58/58 MP: 9/9
  3099 | D:4      | Found a burning altar of Makhleb.
  3195 | D:4      | Found a white marble altar of Elyvilon.
  3346 | D:5      | Entered Level 5 of the Dungeon
  3399 | D:5      | Reached skill level 7 in Fighting
  3399 | D:5      | Reached XP level 8. HP: 21/67 MP: 11/11
  3541 | D:5      | Noticed Menkaure
  3732 | D:5      | Killed Menkaure
  4352 | D:5      | Reached skill level 8 in Fighting
  5195 | D:6      | Reached XP level 9. HP: 65/75 MP: 12/12
  5369 | D:6      | Noticed Pikel
  5369 | D:6      | Reached skill level 9 in Fighting
  5384 | D:6      | Killed Pikel
  5554 | D:6      | Reached skill level 10 in Fighting
  5763 | D:7      | Got a fine robe
  5771 | D:7      | Found a sacrificial altar of Ru.
  6070 | D:7      | HP: 2/78 [orc priest/hand axe of electrocution (2)]
  6070 | D:7      | Demolished by an orc priest

Action                   |  1- 3 |  4- 6 |  7- 9 || total
-------------------------+-------+-------+-------++-------
Melee: Flail             |    94 |   221 |   381 ||   696
Invok: Potion Petition   |       |       |     1 ||     1
  Use: Potion            |       |     2 |       ||     2
       Scroll            |       |       |    10 ||    10
 Stab: Distracted        |       |       |     2 ||     2
       Invisible         |       |       |     1 ||     1
       Paralysed         |       |       |     1 ||     1
  Eat: Chunk             |       |     6 |       ||     6
       Fruit             |       |       |     6 ||     6
       Meat ration       |       |       |     1 ||     1
